 Dungeon Crawl Stone Soup version 0.22.1-1-ga44c0e56f4 (webtiles) character file.

2387 alexkorkod the Firebug (level 9, 0/76 HPs)
             Began as a Deep Dwarf Fire Elementalist on Sept 28, 2018.
             Was a Follower of Qazlal.
             Slain by a two-headed ogre
             ... wielding a +0 giant club
              (10 damage)
             ... on level 8 of the Dungeon.
             The game lasted 01:08:23 (7472 turns).

alexkorkod the Firebug (DDFE)                       Turns: 7472, Time: 01:08:23

Health: 0/76       AC:  4    Str: 15    XL:     9   Next: 22%
Magic:  20/20      EV: 13    Int: 16    God:    Qazlal [*.....]
Gold:   535        SH:  2    Dex: 17    Spells: 5/16 levels left

rFire    . . .     SeeInvis .   w - +1 war axe
rCold    . . .     Gourm    .   (no shield)
rNeg     . . .     Faith    .   r - +1 leather armour
rPois    .         Spirit   .   (no helmet)
rElec    .         Reflect  .   (no cloak)
rCorr    .         Harm     .   (no gloves)
MR       +....                  (no boots)
Stlth    ++........             (no amulet)
HPRegen  0.00/turn              p - +4 ring of dexterity
MPRegen  0.17/turn              v - ring of magical power

@: non-regenerating
A: damage resistance, heal wounds, sense surroundings 2, no regeneration
a: Heal Wounds, Renounce Religion


You were on level 8 of the Dungeon.
You worshipped Qazlal.
Qazlal was aware of your devotion.
You were not hungry.

You visited 2 branches of the dungeon, and saw 9 of its levels.

You collected 535 gold pieces.

Inventory:

Hand Weapons
 s - a +2 short sword of holy wrath
 w - a +1 war axe (weapon)
Missiles
 e - 17 tomahawks (quivered)
Armour
 r - a +1 leather armour (worn)
Jewellery
 p - a +4 ring of dexterity (left hand)
 q - an uncursed ring of protection from fire
 v - a ring of magical power (right hand)
Wands
 b - a wand of disintegration (9)
 h - a wand of polymorph (12)
 o - a wand of random effects (26)
 y - a wand of flame (51)
Scrolls
 d - 3 scrolls of identify
 f - 7 scrolls of teleportation
 i - a scroll of enchant weapon
 j - 4 scrolls of remove curse
 t - 2 scrolls of immolation
 A - a scroll of blinking {unknown}
Potions
 a - a potion of flight
 g - 2 potions of cancellation
 k - a potion of lignification {unknown}
 l - a potion of magic
 m - 3 potions of might
 n - 4 potions of haste
 x - a potion of agility {unknown}
 z - a potion of brilliance {unknown}
 B - 2 potions of invisibility {unknown}
Comestibles
 c - 13 rations


   Skills:
 + Level 3.2 Fighting
 * Level 6.8 Axes
 + Level 5.1 Armour
 - Level 2.7 Dodging
 - Level 2.4 Stealth
 - Level 4.1 Spellcasting
 - Level 1.1 Conjurations
 * Level 7.0 Fire Magic
 - Level 0.8 Invocations


You had 5 spell levels left.
You knew the following spells:

 Your Spells              Type           Power        Failure   Level  Hunger
a - Flame Tongue          Conj/Fire      ###..        3%          1    None
b - Throw Flame           Conj/Fire      ###...       5%          2    ##.....
c - Fireball              Conj/Fire      ###.......   71%         5    ######.
d - Conjure Flame         Conj/Fire      ###.....     11%         3    ###....

Your spell library contained the following spells:

 Spells                   Type           Power        Failure   Level  Hunger
 Magic Dart               Conj           #...         12%         1    None
 Inner Flame              Hex/Fire       ##......     14%         3    ###....
 Apportation              Tloc           #.....       21%         1    None
 Beastly Appendage        Tmut           #.....       21%         1    None
 Summon Butterflies       Summ           #.......     21%         1    None
 Blink                    Tloc           N/A          30%         2    ##.....
 Call Imp                 Summ           #.......     30%         2    ##.....
 Slow                     Hex            #.......     30%         2    ##.....
 Sticks to Snakes         Tmut           #.......     30%         2    ##.....
 Sticky Flame             Conj/Fire      ###.....     36%         4    ####...
 Mephitic Cloud           Conj/Pois/Air  #.......     45%         3    ###....
 Lesser Beckoning         Tloc           #.........   52%         3    ###....
 Spider Form              Tmut/Pois      #.........   52%         3    ###....
 Tukima's Dance           Hex            #.......     52%         3    ###....
 Ice Form                 Ice/Tmut       #.......     89%         4    ####...
 Alistair's Intoxication  Tmut/Pois      #.......     99%         5    ######.
 Blade Hands              Tmut           #.........   99%         5    ######.
 Invisibility             Hex            #.......     100%        6    #######


Dungeon Overview and Level Annotations

Branches:
Dungeon (8/15)             Temple (1/1) D:6
   Lair: D:8-11

Altars:
Ashenzari
Cheibriados
Dithmenos
Elyvilon
Fedhas
Gozag
Hepliaklqana
Kikubaaqudgha
Makhleb
Nemelex Xobeh
Okawaru
Qazlal
Ru
Sif Muna
Trog
Uskayaw
Vehumet
Wu Jian
Xom
Yredelemnul
Zin
The Shining One

Shops:
D:6 [


Innate Abilities, Weirdness & Mutations

You are resistant to damage.
You can heal yourself by infusing magical energy.
You passively map the area around you.
You do not regenerate.


Message History

Confirm with . or Enter, or press ? or * to list all spells.
Aiming: Flame Tongue (safe; 3% risk of failure)
Press: ? - help, Shift-Dir - straight line, f - two-headed ogre
Aim: a two-headed ogre, wielding a giant club and a giant spiked club The flame tongue hits the two-headed ogre.
The two-headed ogre is lightly wounded.
You hit the two-headed ogre.
The two-headed ogre is lightly wounded.
The two-headed ogre hits you with a giant club!!
The two-headed ogre hits you with a giant spiked club!!
* * * LOW HITPOINT WARNING * * *
Your magical essence is drained by the effort!
You feel much better.
The two-headed ogre hits you with a giant club.
The two-headed ogre hits you with a giant spiked club!
* * * LOW HITPOINT WARNING * * *
There is a stone staircase leading up here.
You block the two-headed ogre's attack.
The two-headed ogre hits you with a giant spiked club!
You die...

.#.......##.######.#######
.#.#+#...............>...#
.#.#.#.............####.##
.#.#.##.###.###########.#
##...................##.#
.).#.##..##.########.##.#
...#.###.##.# #.##.#
...#.# #.##.# #####.##.#
.#.#.# #..#.# #@O...##.#
.#.#.# #..#.# ########.#
##.#.# #..#.######## #.#
...#.# ##.#.#......# #.#
...# * #...#.####.####.#
..## ####...............#
...................######
..##.* *#..........#..#
####.# ##..#.####.#..####


You could see a two-headed ogre.

Vanquished Creatures
  Menkaure (D:4)
  A hungry ghost (D:7)
  An orc warrior (D:4)
  A sky beast (D:6)
  3 centaurs
  2 ogres
  A phantom (D:3)
  3 bullfrogs
  A big kobold (D:7)
  A scorpion (D:8)
  3 crimson imps
  3 jellies (D:7)
  2 iguanas (D:7)
  6 hounds
  3 orc priests
  Jessica (D:2)
  2 centaur skeletons (D:8)
  4 orc wizards
  7 worker ants
  A worker ant zombie (D:7)
  16 adders
  A shadow imp (D:6)
  An ooze (D:3)
  An adder zombie (D:4)
  An adder skeleton (D:6)
  A dart slug (D:1)
  6 leopard geckos
  22 orcs
  3 ball pythons
  4 giant cockroaches
  2 gnoll zombies (D:3)
  7 goblins
  6 hobgoblins
  2 jackals (D:6)
  5 quokkas
  8 bats
  10 frilled lizards
  A jackal skeleton (D:4)
  15 kobolds
  A leopard gecko skeleton (D:7)
  A leopard gecko zombie (D:6)
  2 quokka skeletons (D:5)
  5 rats
168 creatures vanquished.

Vanquished Creatures (others)
  A kobold (D:7)
  A quokka (D:7)
  A withered plant (D:4)
3 creatures vanquished.

Grand Total: 171 creatures vanquished

Notes
Turn   | Place    | Note
-------+----------+-------------------------------------------
     0 | D:1      | alexkorkod the Deep Dwarf Fire Elementalist began the quest
                  | for the Orb.
     0 | D:1      | Reached XP level 1. HP: 15/15 MP: 3/3
    22 | D:1      | Reached skill level 3 in Fire Magic
   211 | D:1      | Reached XP level 2. HP: 16/22 MP: 0/4
   327 | D:1      | Learned a level 2 spell: Throw Flame
   417 | D:1      | Reached skill level 1 in Conjurations
   814 | D:2      | Reached XP level 3. HP: 15/30 MP: 1/6
   855 | D:2      | Noticed Jessica
   858 | D:2      | Killed Jessica
   941 | D:2      | Reached skill level 1 in Fighting
   941 | D:2      | Reached XP level 4. HP: 16/38 MP: 4/7
  1094 | D:2      | Found a glowing golden altar of the Shining One.
  1094 | D:2      | Found a hazy altar of Hepliaklqana.
  1102 | D:2      | Found an iron altar of Okawaru.
  1109 | D:2      | Found a snail-covered altar of Cheibriados.
  1111 | D:2      | Found a faded altar of an unknown god.
  1205 | D:2      | Reached skill level 1 in Armour
  1881 | D:3      | Reached XP level 5. HP: 34/44 MP: 5/8
  1950 | D:3      | Learned a level 5 spell: Fireball
  2042 | D:3      | Reached skill level 1 in Axes
  2114 | D:3      | Reached skill level 4 in Fire Magic
  2388 | D:3      | Noticed a phantom
  2463 | D:3      | Killed a phantom
  2463 | D:3      | Reached XP level 6. HP: 44/51 MP: 0/9
  2706 | D:3      | Found a basalt altar of Yredelemnul.
  3107 | D:4      | Found an ancient bone altar of Kikubaaqudgha.
  3107 | D:4      | Found a blossoming altar of Fedhas.
  3144 | D:4      | Noticed an orc warrior
  3478 | D:4      | Noticed Menkaure
  3490 | D:4      | Killed Menkaure
  3490 | D:4      | Reached XP level 7. HP: 20/57 MP: 0/11
  4005 | D:4      | Reached skill level 5 in Fire Magic
  4111 | D:4      | Learned a level 3 spell: Conjure Flame
  4112 | D:5      | Entered Level 5 of the Dungeon
  4147 | D:5      | Found a sparkling altar of Nemelex Xobeh.
  4208 | D:5      | HP: 1/57 [orc priest/divine providence (11)]
  4269 | D:5      | Found a stormy altar of Qazlal.
  4272 | D:5      | Became a worshipper of Qazlal Stormbringer
  4862 | D:5      | Reached XP level 8. HP: 50/64 MP: 10/13
  5072 | D:6      | Found a staircase to the Ecumenical Temple.
  5117 | Temple   | Entered the Ecumenical Temple
  5240 | D:6      | Found Basuc's Armour Shop.
  5620 | D:6      | Reached skill level 5 in Axes
  5781 | D:7      | Found a burning altar of Makhleb.
  5912 | D:7      | Reached skill level 6 in Fire Magic
  5971 | D:7      | Reached * piety under Qazlal
  6050 | D:7      | Found a white marble altar of Elyvilon.
  6450 | D:7      | Found an ornate altar of the Wu Jian Council.
  6473 | D:7      | Found a hide-covered altar of Uskayaw.
  6789 | D:7      | Gained mutation: You passively map the area around you.
                  | [Deep Dwarf growth]
  6789 | D:7      | Reached XP level 9. HP: 18/74 MP: 13/13
  7086 | D:8      | Reached skill level 5 in Armour
  7153 | D:8      | Reached skill level 7 in Fire Magic
  7440 | D:8      | Noticed a two-headed ogre
  7448 | D:8      | HP: 3/76 [two-headed ogre/giant club (25)]
  7472 | D:8      | Slain by a two-headed ogre

Skill      XL: |  1  2  3  4  5  6  7  8  9 |
---------------+----------------------------+-----
Fire Magic     | 3 4 5 6 7 |  7.0
Conjurations   | 1 |  1.1
Spellcasting   | 2 3 4 |  4.1
Fighting       | 1 2 3 |  3.2
Armour         | 1 2 3 4 5 |  5.1
Axes           | 2 3 4 6 |  6.8
Dodging        | |  2.7
Stealth        | |  2.4
Invocations    | |  0.8

Action                   |  1- 3 |  4- 6 |  7- 9 || total
-------------------------+-------+-------+-------++-------
Melee: Club              |    39 |       |       ||    39
       Unarmed           |     1 |       |       ||     1
       Hand axe          |     8 |   147 |    96 ||   251
       War axe           |       |       |   152 ||   152
Throw: Tomahawk          |       |     9 |    14 ||    23
 Cast: Flame Tongue      |    22 |    71 |    90 ||   183
       Throw Flame       |     6 |    32 |    59 ||    97
       Conjure Flame     |       |       |     3 ||     3
 Abil: Heal Wounds       |       |    10 |     9 ||    19
  Use: Scroll            |       |    10 |    11 ||    21
       Potion            |       |     4 |     1 ||     5
 Stab: Sleeping          |       |     2 |       ||     2
  Eat: Chunk             |     1 |     8 |    11 ||    20
       Ration            |       |     1 |     3 ||     4
Armor: Robe              |    11 |       |       ||    11
       Chain mail        |     8 |       |       ||     8
       Leather armour    |       |    37 |    46 ||    83
Dodge: Dodged            |    55 |   158 |   199 ||   412
Block: Other             |       |       |     5 ||     5
